 Dungeon Crawl Stone Soup version 0.31-a0-187-gba352fbbf7 (webtiles) character file.

Game seed: 2842331677744887790

199 qw the Skirmisher (level 5, -1/30 HPs)
             Began as a Deep Elf Hunter on June 22, 2023.
             Slain by a wyvern (12 damage)
             ... on level 5 of the Dungeon.
             The game lasted 00:00:54 (2443 turns).

qw the Skirmisher (Deep Elf Hunter)                 Turns: 2443, Time: 00:00:55

Health: -1/30      AC:  5    Str: 10    XL:     5   Next: 48%
Magic:  0/7        EV: 11    Int: 16    God:
Gold:   272        SH:  0    Dex: 18    Spells: 4/4 levels left

rFire   + + .        Y - +1 shortbow
rCold   + . .        (shield currently unavailable)
rNeg    + . .        r - +0 ring mail
rPois   .            (no helmet)
rElec   .            i - scarf "Aphiwami" {rC+ rF+, rN+ Int+2 Slay+2}
rCorr   +            (no gloves)
SInv    .            (no boots)
Will    .....        d - amulet of guardian spirit
Stlth   +            l - ring of resist corrosion
HPRegen 0.25/turn    m - ring of protection from fire
MPRegen 0.10/turn

%: guardian spirit
@: no status effects
A: no striking features
a: no special abilities


You were on level 5 of the Dungeon.
You visited 1 branch of the dungeon, and saw 5 of its levels.

You collected 272 gold pieces.


   Skills:
 + Level 1.6 Fighting
 - Level 9.0 Ranged Weapons
 - Level 2.4 Dodging
 - Level 1.2 Stealth


You had 4 spell levels left.
You didn't know any spells.
Your spell library was empty.

Inventory:

Hand Weapons
 Y - a +1 shortbow (weapon)
Armour
 i - the scarf "Aphiwami" (worn) {rC+ rF+, rN+ Int+2 Slay+2}
   (You acquired it on level 2 of the Dungeon)

   Int:       It affects your intelligence (+2).
   Slay:      It affects your accuracy & damage with ranged weapons and melee
   (+2).
   rN:        It protects you from negative energy.
 j - a +2 cloak
 r - a +0 ring mail (worn)
Jewellery
 d - an amulet of guardian spirit (around neck)
 l - a ring of resist corrosion (left hand)
 m - a ring of protection from fire (right hand)
Scrolls
 p - a scroll of identify
Potions
 a - 2 potions of heal wounds
 b - a potion of mutation
 e - 4 potions of haste
 g - a potion of resistance
 h - a potion of cancellation {unknown}
 k - a potion of degeneration {unknown}
 n - a potion of attraction {unknown}
 o - a potion of magic {unknown}
 q - a potion of brilliance {unknown}
 t - a potion of ambrosia {unknown}

Dungeon Overview and Level Annotations

Branches:
Dungeon (5/15)
 Temple: D:4-7

Altars:
Nemelex Xobeh


Message History

Where to? (* - list waypoints, Enter - D:4, ? - help)
What level of the Dungeon? (default 1, ? - help)
You see here an adder corpse.
There is a stone staircase leading down here.
You climb downwards.
Found 6 gold pieces.
There is a stone staircase leading up here.
Waypoint 4 assigned to D:5.
You now have 272 gold pieces (gained 6).
A jackal and a wyvern come into view.
The jackal barks!
A jackal comes into view.
You shoot an arrow. The jackal barks!
The wyvern hisses angrily.
The arrow hits the jackal!
You kill the jackal!
A jackal comes into view.
You shoot an arrow. The jackal barks!
The arrow hits the wyvern!
The wyvern is moderately wounded.
You shoot an arrow. The arrow hits the wyvern.
The wyvern is moderately wounded.
You shoot an arrow. The arrow hits the wyvern.
The wyvern is heavily wounded.
The wyvern barely misses you.
You shoot an arrow.
The arrow hits the wyvern but does no damage.
The wyvern is heavily wounded.
The wyvern bites you! The jackal misses you. The wyvern bites you.
You shoot an arrow. The arrow hits the wyvern.
The wyvern is severely wounded.
The jackal bites you but does no damage. x2
The wyvern bites you! The jackal barely misses you.
The jackal closely misses you.
The wyvern bites you but does no damage.
You shoot an arrow. The arrow hits the wyvern.
The wyvern is almost dead.
The jackal barely misses you. The wyvern bites you!
You die...

##..# #...# #.#.#
##.#.# ##
########....# .
............# .#
########...#####.####.
##.####.h...%..
#.....@l.....#
#####..h.....#
#..#.##... #..#.# #
#..# # #..# #..# #..#
#..#


You could see a wyvern and 2 jackals.

Vanquished Creatures
  A phantom (D:4)
  A gnoll (D:1)
  3 adders
  An ufetubus (D:4)
  A worm (D:2)
  2 dart slugs
  8 orcs
  8 endoplasms
  3 giant cockroaches
  9 goblins
  7 hobgoblins
  A jackal (D:5)
  5 kobolds
  2 quokkas
  4 ball pythons
  2 bats (D:1)
  2 frilled lizards
  5 rats
65 creatures vanquished.

Notes
Turn   | Place    | Note
-------+----------+-------------------------------------------
     0 | D:1      | qw the Deep Elf Hunter began the quest for the Orb.
     0 | D:1      | Reached XP level 1. HP: 12/12 MP: 3/3
     0 | D:1      | 0 ||| qw: Version: 0.3-a-9-g12657ce
     0 | D:1      | 0 ||| qw: Game counter: 2379
     0 | D:1      | 0 ||| qw: Always use a shield: true
     0 | D:1      | 0 ||| qw: God list: Okawaru
     0 | D:1      | 0 ||| qw: Allow faded altars: false
     0 | D:1      | 0 ||| qw: Do Orc after D:15 true
     0 | D:1      | 0 ||| qw: Do second Lair branch before Depths: true
     0 | D:1      | 0 ||| qw: Lair rune preference: random
     0 | D:1      | 0 ||| qw: Plans: Normal
     0 | D:1      | 0 ||| PLANNING D:1-11
     8 | D:1      | Reached skill level 6 in Ranged Weapons
     8 | D:1      | Reached XP level 2. HP: 16/16 MP: 4/4
    41 | D:1      | You fall into a shaft and drop 1 floor!
   118 | D:2      | 118 ||| UPGRADING to amulet of guardian spirit.
   123 | D:2      | 123 ||| DROPPING scroll of butterflies.
   125 | D:2      | 125 ||| FLEEEEING.
   126 | D:2      | 126 ||| FLEEEEING.
   127 | D:2      | 127 ||| STAIRDANCE
   380 | D:1      | Reached XP level 3. HP: 20/20 MP: 5/5
   592 | D:1      | 592 ||| UPGRADING to +2 cloak.
   597 | D:1      | 597 ||| UPGRADING to ring of resist corrosion.
   598 | D:1      | 598 ||| READING scroll labelled EGGEWNA ZURGHOC.
   599 | D:1      | 599 ||| READING scroll labelled TAOP MEITIAP.
   600 | D:1      | 600 ||| READING scroll labelled LIMMAXADAC.
   601 | D:1      | 601 ||| READING scroll labelled QOH EFUCHAA.
   602 | D:1      | 602 ||| READING scroll labelled BILIAR RIMNU.
   639 | D:2      | Reached skill level 7 in Ranged Weapons
   641 | D:2      | Found a faded altar of an unknown god.
  1064 | D:2      | 1064 ||| READING scroll labelled SOSTOI HAPNELU.
  1064 | D:2      | Identified a scroll of acquirement
  1064 | D:2      | 1064 ||| ACQUIRING scarf "Aphiwami" {rC+ rF+, rN+ Int+2
                  | Slay+2}
  1064 | D:2      | Acquired the scarf "Aphiwami" {rC+ rF+, rN+ Int+2 Slay+2}
  1066 | D:2      | 1066 ||| UPGRADING to scarf "Aphiwami" {rC+ rF+, rN+ Int+2
                  | Slay+2}.
  1076 | D:2      | 1076 ||| READING scroll labelled ASAOJI CIS XYMP.
  1077 | D:2      | 1077 ||| DRINKING 3 green potions.
  1144 | D:3      | Reached XP level 4. HP: 22/25 MP: 4/6
  1472 | D:3      | Found a sparkling altar of Nemelex Xobeh.
  1653 | D:3      | 1653 ||| UPGRADING to +0 ring mail.
  1663 | D:3      | 1663 ||| DROPPING +0 leather armour.
  1664 | D:3      | 1664 ||| READING scroll labelled WIONNE JIOGING.
  1665 | D:3      | 1665 ||| DRINKING 3 ruby potions.
  1666 | D:3      | 1666 ||| READING 2 scrolls of identify.
  1666 | D:3      | 1666 ||| IDENTIFYING clear potion
  1857 | D:4      | Noticed a phantom
  1868 | D:4      | Killed a phantom
  1869 | D:4      | Reached skill level 8 in Ranged Weapons
  1869 | D:4      | Reached XP level 5. HP: 12/29 MP: 2/7
  1980 | D:4      | Identified the +0 robe of Arphixeybea {rN+ Str+3}
  2252 | D:4      | Reached skill level 9 in Ranged Weapons
  2372 | D:4      | 2372 ||| DROPPING +0 robe of Arphixeybea {rN+ Str+3}.
  2373 | D:4      | 2373 ||| UPGRADING to ring of protection from fire.
  2374 | D:4      | 2374 ||| READING scroll labelled ZEYLUFEWYA.
  2375 | D:4      | 2375 ||| READING 3 scrolls of identify.
  2375 | D:4      | 2375 ||| IDENTIFYING metallic white potion
  2376 | D:4      | 2376 ||| READING 2 scrolls of identify.
  2376 | D:4      | 2376 ||| IDENTIFYING fizzy cyan potion
  2377 | D:4      | 2377 ||| DROPPING potion of lignification.
  2416 | D:5      | Entered Level 5 of the Dungeon
  2436 | D:5      | Noticed a wyvern
  2443 | D:5      | Slain by a wyvern

Levels and vault maps discovered:
D:1:      minmay_arrival_split_and_join, layout_rooms
D:2:      layout_rooms, ebering_ecumenical_altar_ruins, hangedman_glass_teeth,
          kennysheep_small_spiral, minmay_hexomino_u4
D:3:      layout_rooms, nemelex_xobeh_ov_fountains_minmay, bh_walls_and_bars
D:4:      layout_cave_pods
D:5:      layout_loops_ring, nicolae_gozag_seed_capital,
          kennysheep_generic_room_10

Skill      XL: |  1  2  3  4  5 |
---------------+----------------+-----
Ranged Weapons | 6 7 8 9 |  9.0
Fighting       | |  1.6
Dodging        | |  2.4
Stealth        | |  1.2

Action                     |  1- 3 |  4- 6 || total
---------------------------+-------+-------++-------
   Fire: Shortbow          |    76 |    77 ||   153
    Use: Scroll            |     7 |     5 ||    12
         Potion            |     1 |     1 ||     2
 Armour: Leather armour    |     3 |       ||     3
         Ring mail         |       |     8 ||     8
  Dodge: Dodged            |     7 |    17 ||    24

Table legend:
 A = Non-vault XP
 B = Vault XP
 C = Vault XP percentage of total XP
 D = Non-vault monster count
 E = Vault monster count
 F = Vault count percentage of total count
                 A         B        C        D         E       F
            +---------+---------+-------+---------+---------+-------
      Total |     279 |       6 |   2.1 |      63 |       2 |   3.1
            +---------+---------+-------+---------+---------+-------
        D:1 |      58 |       0 |   0.0 |      25 |       0 |   0.0
        D:2 |      11 |       6 |  35.3 |       6 |       2 |  25.0
        D:3 |      58 |       0 |   0.0 |      16 |       0 |   0.0
        D:4 |     150 |       0 |   0.0 |      15 |       0 |   0.0
        D:5 |       2 |       0 |   0.0 |       1 |       0 |   0.0
            +---------+---------+-------+---------+---------+-------
